 Dungeon Crawl Stone Soup version 0.30-a0-1074-g5db6f66fbb (webtiles) character file.

Game seed: 1593444274399490937

35 bande the Covered (level 3, -2/23 HPs)
             Began as a Gargoyle Fighter on Apr 13, 2023.
             Killed from afar by Terence (9 damage)
             ... with a puff of flame
             ... on level 2 of the Dungeon.
             The game lasted 00:02:16 (898 turns).

bande the Covered (Gargoyle Fighter)                 Turns: 898, Time: 00:02:17

Health: -2/23      AC: 15    Str: 25    XL:     3   Next: 33%
Magic:  3/3        EV:  8    Int:  8    God:
Gold:   58         SH:  6    Dex: 15    Spells: 2/2 levels left

rFire   . . .      SeeInvis .    a - +0 war axe
rCold   . . .      Faith    .    c - +1 buckler
rNeg    + . .      Spirit   .    g - +0 chain mail
rPois   ∞          Reflect  .    h - +2 helmet of Niruh {-Tele Str+6 Dex+4}
rElec   +          Rampage  .    (no cloak)
rCorr   .          NoTele   +    (no gloves)
Will    .....                    (no boots) Stlth
                                 (no amulet)
HPRegen 0.23/turn                (no ring)
MPRegen 0.08/turn                (no ring)

@: no status effects
A: sickness immunity, AC +3, negative energy resistance 1, electricity
resistance, torment resistance 1, petrification resistance
a: no special abilities


You were on level 2 of the Dungeon.
You visited 1 branch of the dungeon, and saw 2 of its levels.

You collected 58 gold pieces.

Inventory:

Hand Weapons
 a - a +0 war axe (weapon)
Armour
 c - a +1 buckler (worn)
 g - a +0 chain mail (worn)
 h - the +2 helmet of Niruh (worn) {-Tele Str+6 Dex+4}
   (You found it on level 2 of the Dungeon)

   Str:       It affects your strength (+6).
   Dex:       It affects your dexterity (+4).
   -Tele:     It prevents most forms of teleportation.
Jewellery
 e - a ring of willpower
Scrolls
 b - a scroll of amnesia
Potions
 d - a potion of might
 f - 2 potions of heal wounds


   Skills:
 + Level 3.6 Fighting
 + Level 2.2 Axes
 + Level 3.8 Armour
 + Level 3.6 Shields


You had 2 spell levels left.
You didn't know any spells.
Your spell library was empty.

Dungeon Overview and Level Annotations

Branches:
Dungeon (2/15)

Altars:

Shops:
D:2 :

Annotations:
D:2 Terence


Innate Abilities, Weirdness & Mutations

You are immune to sickness and miasma.
Your stone body is resilient. (AC +3)
You are immune to poison.
You resist negative energy. (rN+)
You are resistant to electric shocks. (rElec)
You are resistant to unholy torment.
You are immune to petrification.


Message History

You hit Terence but do no damage. Terence hits you but does no damage.
You hit Terence.
Terence is lightly wounded.
You block Terence's attack. Terence hits you with a +0 mace.
You hit Terence but do no damage.
Terence is lightly wounded.
Terence zaps a wand.
The puff of flame hits you.
You barely miss Terence.
Terence is lightly wounded.
Terence zaps a wand.
The puff of flame hits you.
You are too injured to fight recklessly!
You are too injured to fight recklessly!
You are too injured to fight recklessly!
You are too injured to fight recklessly!
You are too injured to fight recklessly!
You are too injured to fight recklessly!
You are too injured to fight recklessly!
You are too injured to fight recklessly!
You are too injured to fight recklessly!
You are too injured to fight recklessly!
You are too injured to fight recklessly!
You are too injured to fight recklessly!
You are too injured to fight recklessly!
You hit Terence.
Terence is moderately wounded.
You block Terence's attack. Terence hits you but does no damage.
You barely miss Terence.
Terence is moderately wounded.
Terence hits you with a +0 mace.
* * * LOW HITPOINT WARNING * * *
You barely miss Terence.
Terence is moderately wounded.
Terence closely misses you. Terence hits you but does no damage.
You hit Terence.
Terence is heavily wounded.
Terence barely misses you.
You slash Terence!
Terence is almost dead.
Terence zaps a wand.
The puff of flame hits you!
You die...

...###
.#.#.....⌠.⌠..#
.......
.................
....###
...#..............
#+#.#
#..............# #
.# ..
#.............##
.....
.....###...........#
......
...................#
.....
#....###........##
.....
.<....†@.####...#
###.# #......@.#
...# . ...........
..# . #............
.# #..............
#..$...........
#..!...........
#.....#..#..#..


You could see Terence.

Vanquished Creatures
  An adder (D:2)
  A dart slug (D:1)
  4 bats
  2 endoplasms
  2 giant cockroaches (D:1)
  3 hobgoblins (D:1)
  3 jackals (D:2)
  A ball python (D:1)
  2 goblins (D:1)
  2 kobolds (D:2)
21 creatures vanquished.

Notes
Turn   | Place    | Note
-------+----------+-------------------------------------------
     0 | D:1      | bande the Gargoyle Fighter began the quest for the Orb.
     0 | D:1      | Reached XP level 1. HP: 14/14 MP: 1/1
   269 | D:1      | Reached XP level 2. HP: 19/19 MP: 2/2
   834 | D:2      | Found Soluesic's Vocational Training.
   838 | D:2      | Identified the +2 helmet of Niruh {-Tele Str+6 Dex+4}
   870 | D:2      | Reached XP level 3. HP: 23/23 MP: 3/3
   883 | D:2      | Noticed Terence
   898 | D:2      | Killed from afar by Terence

Illustrated notes

Levels and vault maps discovered:
D:1:      beargit_arrival_greenhouse, layout_loops_ring
D:2:      layout_basic, minmay_misc_feat_diagonals, nicolae_shop_vocational,
          uniq_terence

Skill      XL: |  1  2 |
---------------+-------+-----
Axes           | 2 |  2.2
Fighting       | |  3.6
Armour         | |  3.8
Shields        | |  3.6

Action                     || total
---------------------------++-------
  Melee: War axe           ||    82
    Use: Scroll            ||     3
 Armour: Scale mail        ||    34
         Chain mail        ||    16
  Dodge: Dodged            ||    44
  Block: Buckler           ||    20

Table legend: (Time is in decaauts)
 A = Elapsed time spent in this place.
 B = Non-inter-level travel time spent in this place.
 C = Inter-level travel time spent in this place.
 D = Time resting spent in this place.
 E = Time spent auto-exploring this place.
 F = Levels seen in this place.
 G = Mean time per level.
                   A        B        C        D        E       F      G
               +--------+--------+--------+--------+--------+-----+--------+
         Total |    933 |    911 |     22 |      0 |    650 |   2 |  466.5 |
       Dungeon |    933 |    911 |     22 |      0 |    650 |   2 |  466.5 |
               +--------+--------+--------+--------+--------+-----+--------+

Top non-repeatable levels by time:
     D:1: 733 daAuts
     D:2: 200 daAuts
